PIO
SEATTLE (RK+) MARINERS @ OAKLAND (RK+) ATHLETICS
09/14/2080
 
TOP OF THE 1ST
Seattle (Rk+) Mariners batting - Pitching for Oakland (Rk+) Athletics : RHP Mark Kwiatkowski
Pitching: RHP Mark Kwiatkowski
Batting: LHB Lou Hickey 0-0: Foul Ball, location: 2F
0-1: Swinging Strike
0-2: Ball
1-2: Strikes out swinging
Batting: LHB Jordan Vasquez 0-0: Ground out 4-3 (Groundball, 4S, EV 85.6 MPH)
Batting: RHB Onofrio Vialli 0-0: Ball
1-0: Ball
2-0: Fly out, F6 (Popup, 6MD, EV 55.0 MPH)
Top of the 1st over - 0 runs, 0 hits, 0 errors, 0 left on base; Seattle (Rk+) 0 - Oakland (Rk+) 0
BOTTOM OF THE 1ST
Oakland (Rk+) Athletics batting - Pitching for Seattle (Rk+) Mariners : RHP Antonio Ortega
Pitching: RHP Antonio Ortega
Batting: RHB Travis Burtschy 0-0: Ball
1-0: Called Strike
1-1: Called Strike
1-2: Foul Ball, location: 2F
1-2: Strikes out swinging
Batting: LHB Jody Pona 0-0: Swinging Strike
0-1: Swinging Strike
0-2: Ball
1-2: Foul Ball, location: 2F
1-2: Strikes out swinging
Batting: RHB Angelo Riojas 0-0: Ball
1-0: Foul Ball, location: 2F
1-1: Ball
2-1: Fly out, F9 (Line Drive, 9, EV 102.5 MPH)
Bottom of the 1st over - 0 runs, 0 hits, 0 errors, 0 left on base; Seattle (Rk+) 0 - Oakland (Rk+) 0
TOP OF THE 2ND
Seattle (Rk+) Mariners batting - Pitching for Oakland (Rk+) Athletics : RHP Mark Kwiatkowski
Batting: RHB Tom Holloway 0-0: Swinging Strike
0-1: Ball
1-1: Foul Ball, location: 2F
1-2: Ball
2-2: Strikes out swinging
Batting: RHB Evan Hensley 0-0: Fly out, F7 (Flyball, 7S, EV 78.1 MPH)
Batting: LHB Alejandro Cortez 0-0: Called Strike
0-1: Swinging Strike
0-2: Foul Ball, location: 2F
0-2: Strikes out swinging
Top of the 2nd over - 0 runs, 0 hits, 0 errors, 0 left on base; Seattle (Rk+) 0 - Oakland (Rk+) 0
BOTTOM OF THE 2ND
Oakland (Rk+) Athletics batting - Pitching for Seattle (Rk+) Mariners : RHP Antonio Ortega
Batting: LHB Aaron Hollis 0-0: Ball
1-0: SINGLE (Flyball, 78S, EV 91.9 MPH)
Batting: RHB Ian Willey 0-0: Foul Ball, location: 2F
0-1: Swinging Strike
0-2: Grounds into double play, 4-6-3 (Groundball, 4, EV 81.9 MPH)
Batting: LHB Danny Garza 0-0: Called Strike
0-1: Ball
1-1: Ball
2-1: Ball
3-1: SINGLE (Groundball, 56S, EV 66.2 MPH) (infield hit)
Batting: RHB Miguel Falcon 0-0: Ball
1-0: Foul Ball, location: 2F
1-1: Fly out, F7 (Flyball, 7, EV 80.6 MPH)
Bottom of the 2nd over - 0 runs, 2 hits, 0 errors, 1 left on base; Seattle (Rk+) 0 - Oakland (Rk+) 0
TOP OF THE 3RD
Seattle (Rk+) Mariners batting - Pitching for Oakland (Rk+) Athletics : RHP Mark Kwiatkowski
Batting: RHB Chris Black 0-0: Ball
1-0: Called Strike
1-1: Fly out, F8 (Flyball, 8RD, EV 93.8 MPH)
Batting: RHB Danny Matos 0-0: Called Strike
0-1: Ball
1-1: Foul Ball, location: 2F
1-2: Foul Ball, location: 2F
1-2: Foul Ball, location: 2F
1-2: SINGLE (Line Drive, 8LS, EV 101.9 MPH)
Batting: RHB Jim Stapleton 0-0: Fly out, F7 (Line Drive, 7S, EV 101.9 MPH)
Batting: LHB Lou Hickey 0-0: Ball
1-0: Swinging Strike
1-1: Ball
2-1: Foul Ball, location: 2F
2-2: Foul Ball, location: 2F
2-2: Ball
3-2: Foul Ball, location: 2F
3-2: Foul Ball, location: 2F
3-2: Foul Ball, location: 2F
3-2: TRIPLE (Line Drive, 89XD, EV 107.5 MPH)
Danny Matos scores
Batting: LHB Jordan Vasquez 0-0: SINGLE (Groundball, 34D, EV 111.2 MPH)
Lou Hickey scores
Batting: RHB Onofrio Vialli 0-0: Ball
Jordan Vasquez is caught stealing 2nd base 2-4
Top of the 3rd over - 2 runs, 3 hits, 0 errors, 0 left on base; Seattle (Rk+) 2 - Oakland (Rk+) 0
BOTTOM OF THE 3RD
Oakland (Rk+) Athletics batting - Pitching for Seattle (Rk+) Mariners : RHP Antonio Ortega
Batting: RHB Bill Whitcher 0-0: Called Strike
0-1: Swinging Strike
0-2: Ball
1-2: Ball
2-2: Foul Ball, location: 2F
2-2: Ball
3-2: Base on Balls
Batting: LHB Adam Evans 0-0: Foul Ball, location: 2F
0-1: Swinging Strike
0-2: Strikes out looking
Batting: RHB Travis Burtschy 0-0: Ball
1-0: Foul Ball, location: 2F
1-1: Swinging Strike
1-2: Strikes out looking
Batting: LHB Jody Pona 0-0: Called Strike
0-1: Swinging Strike
0-2: Ball
1-2: Ball
2-2: Strikes out swinging
Bottom of the 3rd over - 0 runs, 0 hits, 0 errors, 1 left on base; Seattle (Rk+) 2 - Oakland (Rk+) 0
TOP OF THE 4TH
Seattle (Rk+) Mariners batting - Pitching for Oakland (Rk+) Athletics : RHP Mark Kwiatkowski
Batting: RHB Onofrio Vialli 0-0: Called Strike
0-1: Ball
1-1: Ball
2-1: Ball
3-1: SINGLE (Flyball, 34D, EV 85.6 MPH)
Batting: RHB Tom Holloway 0-0: Called Strike
0-1: Swinging Strike
0-2: Ball
1-2: Ball
2-2: Ball
3-2: Foul Ball, location: 2F
3-2: Foul Ball, location: 2F
3-2: Foul Ball, location: 2F
3-2: Foul Ball, location: 2F
3-2: Foul Ball, location: 2F
3-2: Foul Ball, location: 2F
3-2: Foul Ball, location: 2F
3-2: Strikes out swinging
Onofrio Vialli is caught stealing 2nd base 2-4
Batter strikes out.
Batting: RHB Evan Hensley 0-0: Ball
1-0: Swinging Strike
1-1: Swinging Strike
1-2: Ball
2-2: Strikes out looking
Top of the 4th over - 0 runs, 1 hit, 0 errors, 0 left on base; Seattle (Rk+) 2 - Oakland (Rk+) 0
BOTTOM OF THE 4TH
Oakland (Rk+) Athletics batting - Pitching for Seattle (Rk+) Mariners : RHP Antonio Ortega
Batting: RHB Angelo Riojas 0-0: Ground out 5-3 (Groundball, 5D, EV 103.1 MPH)
Batting: LHB Aaron Hollis 0-0: Ball
1-0: Ball
2-0: Called Strike
2-1: Foul Ball, location: 2F
2-2: Ball
3-2: Ground out 4-3 (Groundball, 4, EV 101.9 MPH)
Batting: RHB Ian Willey 0-0: Ball
1-0: Ball
2-0: Foul Ball, location: 2F
2-1: Foul Ball, location: 2F
2-2: Strikes out looking
Bottom of the 4th over - 0 runs, 0 hits, 0 errors, 0 left on base; Seattle (Rk+) 2 - Oakland (Rk+) 0
TOP OF THE 5TH
Seattle (Rk+) Mariners batting - Pitching for Oakland (Rk+) Athletics : RHP Mark Kwiatkowski
Batting: LHB Alejandro Cortez 0-0: Ball
1-0: Foul Ball, location: 2F
1-1: Ball
2-1: SINGLE (Line Drive, 7S, EV 90.0 MPH)
Batting: RHB Chris Black 0-0: Ball
Alejandro Cortez is caught stealing 2nd base 2-4
1-0: Foul Ball, location: 2F
1-1: Ground out 6-3 (Groundball, 56, EV 80.6 MPH)
Batting: RHB Danny Matos 0-0: Ball
1-0: Ball
2-0: Ball
3-0: Base on Balls
Batting: RHB Jim Stapleton 0-0: Ball
1-0: Foul Ball, location: 2F
1-1: Swinging Strike
1-2: Strikes out swinging
Top of the 5th over - 0 runs, 1 hit, 0 errors, 1 left on base; Seattle (Rk+) 2 - Oakland (Rk+) 0
BOTTOM OF THE 5TH
Oakland (Rk+) Athletics batting - Pitching for Seattle (Rk+) Mariners : RHP Antonio Ortega
Batting: LHB Danny Garza 0-0: Swinging Strike
0-1: Fly out, F4 (Flyball, 4D, EV 88.1 MPH)
Batting: RHB Miguel Falcon 0-0: Ball
1-0: Fly out, F8 (Flyball, 8LD, EV 78.8 MPH)
Batting: RHB Bill Whitcher 0-0: Swinging Strike
0-1: Swinging Strike
0-2: Ground out 3-1 (Groundball, 34, EV 87.5 MPH)
Bottom of the 5th over - 0 runs, 0 hits, 0 errors, 0 left on base; Seattle (Rk+) 2 - Oakland (Rk+) 0
TOP OF THE 6TH
Seattle (Rk+) Mariners batting - Pitching for Oakland (Rk+) Athletics : RHP Mark Kwiatkowski
Batting: LHB Lou Hickey 0-0: Called Strike
0-1: Swinging Strike
0-2: Strikes out swinging
Batting: LHB Jordan Vasquez 0-0: Ball
1-0: Called Strike
1-1: Foul Ball, location: 2F
1-2: Ground out 4-3 (Groundball, 4, EV 81.2 MPH)
Batting: RHB Onofrio Vialli 0-0: Reached on error, E5 (Groundball, 25, EV 81.2 MPH)
Pitching: RHP Mike Stephens
Batting: RHB Tom Holloway 0-0: Called Strike
0-1: Ball
1-1: Ball
2-1: Ball
Onofrio Vialli steals 2nd base
3-1: Base on Balls
Batting: RHB Evan Hensley 0-0: Swinging Strike
0-1: Ball
1-1: Ball
2-1: Fly out, F7 (Flyball, 78M, EV 83.8 MPH)
Top of the 6th over - 0 runs, 0 hits, 1 error, 2 left on base; Seattle (Rk+) 2 - Oakland (Rk+) 0
BOTTOM OF THE 6TH
Oakland (Rk+) Athletics batting - Pitching for Seattle (Rk+) Mariners : RHP Antonio Ortega
Batting: LHB Adam Evans 0-0: Foul Ball, location: 2F
0-1: Ball
1-1: DOUBLE (Line Drive, 7LM, EV 101.2 MPH)
Batting: RHB Travis Burtschy 0-0: Called Strike
0-1: Foul Ball, location: 2F
0-2: Ball
1-2: Ball
2-2: Strikes out swinging
Batting: LHB Jody Pona 0-0: Ball
1-0: Foul Ball, location: 2F
1-1: Ball
2-1: 2-RUN HOME RUN (Flyball, 9D, EV 99.4 MPH), Distance : 396 ft
Batting: RHB Angelo Riojas 0-0: Ball
1-0: Swinging Strike
1-1: Foul Ball, location: 2F
1-2: Foul Ball, location: 2F
1-2: Foul Ball, location: 2F
1-2: Ground out 4-3 (Groundball, 4, EV 91.9 MPH)
Batting: LHB Aaron Hollis 0-0: Ground out U3 (Groundball, 34, EV 86.9 MPH)
Bottom of the 6th over - 2 runs, 2 hits, 0 errors, 0 left on base; Seattle (Rk+) 2 - Oakland (Rk+) 2
TOP OF THE 7TH
Seattle (Rk+) Mariners batting - Pitching for Oakland (Rk+) Athletics : RHP Mike Stephens
Batting: LHB Alejandro Cortez 0-0: Ground out 6-3 (Groundball, 6, EV 85.0 MPH)
Batting: RHB Chris Black 0-0: Called Strike
0-1: Ball
1-1: Ball
2-1: Ground out 4-3 (Groundball, 4, EV 103.1 MPH)
Batting: RHB Danny Matos 0-0: Ground out 6-3 (Groundball, 6MD, EV 106.9 MPH)
Top of the 7th over - 0 runs, 0 hits, 0 errors, 0 left on base; Seattle (Rk+) 2 - Oakland (Rk+) 2
BOTTOM OF THE 7TH
Oakland (Rk+) Athletics batting - Pitching for Seattle (Rk+) Mariners : RHP Antonio Ortega
Batting: RHB Ian Willey 0-0: Ball
1-0: Foul Ball, location: 2F
1-1: Ball
2-1: Ball
3-1: SINGLE (Groundball, 4MD, EV 104.4 MPH)
Batting: LHB Danny Garza 0-0: Bunt missed!
0-1: Bunt missed!
0-2: Fly out, F7 (Line Drive, 7, EV 93.1 MPH)
Batting: RHB Miguel Falcon 0-0: Ball
1-0: Ball
2-0: Called Strike
2-1: Ball
3-1: Base on Balls
Ian Willey to second
Pitching: RHP Larry DeWolfe
Batting: LHB Willie Echeverry 0-0: Foul Ball, location: 2F
0-1: Swinging Strike
0-2: Ball
1-2: Ball
2-2: Fly out, F8 (Flyball, 8LM, EV 91.2 MPH)
Batting: LHB Adam Evans 0-0: Ball
1-0: Ball
2-0: 3-RUN HOME RUN (Flyball, 9D, EV 98.8 MPH), Distance : 386 ft
Batting: RHB Travis Burtschy 0-0: Ball
1-0: Ball
2-0: Foul Ball, location: 2F
2-1: Ball
3-1: Base on Balls
Batting: LHB Jody Pona 0-0: Called Strike
0-1: Ball
1-1: Reached on error, E4 (Groundball, 4, EV 77.5 MPH)
Travis Burtschy to second
Batting: RHB Angelo Riojas 0-0: Ball
1-0: Called Strike
1-1: Ball
2-1: Called Strike
2-2: Strikes out swinging
Bottom of the 7th over - 3 runs, 2 hits, 1 error, 2 left on base; Seattle (Rk+) 2 - Oakland (Rk+) 5
TOP OF THE 8TH
Seattle (Rk+) Mariners batting - Pitching for Oakland (Rk+) Athletics : RHP Mike Stephens
Pitching: RHP Jonathan Davis
Pinch Hitting: LHB Chris Orsatti 0-0: Foul Ball, location: 2F
0-1: Swinging Strike
0-2: Foul Ball, location: 2F
0-2: Ball
1-2: Ball
2-2: Ground out 4-3 (Groundball, 34, EV 96.2 MPH)
Batting: LHB Lou Hickey 0-0: Ball
1-0: Ball
2-0: Called Strike
2-1: Ball
3-1: Swinging Strike
3-2: Foul Ball, location: 2F
3-2: Base on Balls
Batting: LHB Jordan Vasquez 0-0: SINGLE (Flyball, 4D, EV 96.2 MPH)
Lou Hickey to second
Pitching: RHP Arho Talonen
Batting: RHB Onofrio Vialli 0-0: Ball
1-0: Ball
2-0: Called Strike
2-1: Ball
3-1: Swinging Strike
3-2: Strikes out looking
Batting: RHB Tom Holloway 0-0: Ball
1-0: Fly out, F9 (Line Drive, 9S, EV 90.0 MPH)
Top of the 8th over - 0 runs, 1 hit, 0 errors, 2 left on base; Seattle (Rk+) 2 - Oakland (Rk+) 5
BOTTOM OF THE 8TH
Oakland (Rk+) Athletics batting - Pitching for Seattle (Rk+) Mariners : RHP Larry DeWolfe
Now at 2B: Joe Call
Batting: LHB Aaron Hollis 0-0: Ball
1-0: Ball
2-0: Fly out, F5 (Flyball, 5D, EV 83.1 MPH)
Batting: RHB Ian Willey 0-0: Ball
1-0: Foul Ball, location: 2F
1-1: Ball
2-1: DOUBLE (Flyball, 78D, EV 101.2 MPH)
Batting: LHB Danny Garza 0-0: Intentional Walk
Batting: RHB Miguel Falcon 0-0: Fly out, F8 (Line Drive, 8LD, EV 97.5 MPH)
Batting: LHB Willie Echeverry 0-0: Ball
1-0: Foul Ball, location: 2F
1-1: Ball
2-1: Swinging Strike
2-2: Foul Ball, location: 2F
2-2: Fly out, F5 (Line Drive, 5L, EV 68.1 MPH)
Bottom of the 8th over - 0 runs, 1 hit, 0 errors, 2 left on base; Seattle (Rk+) 2 - Oakland (Rk+) 5
TOP OF THE 9TH
Seattle (Rk+) Mariners batting - Pitching for Oakland (Rk+) Athletics : RHP Arho Talonen
Batting: RHB Evan Hensley 0-0: Fly out, F8 (Flyball, 8LXD, EV 106.2 MPH)
Batting: LHB Alejandro Cortez 0-0: Called Strike
0-1: Ball
1-1: Foul Ball, location: 2F
1-2: Strikes out swinging
Batting: RHB Chris Black 0-0: Ball
1-0: Swinging Strike
1-1: Ball
2-1: Called Strike
2-2: Strikes out swinging
Top of the 9th over - 0 runs, 0 hits, 0 errors, 0 left on base; Seattle (Rk+) 2 - Oakland (Rk+) 5
Wednesday, July 27th , 2022 - OOTP Baseball 23.5 Build 73